 Dungeon Sprint DCSS version 0.29.1-1-gd02db6906a (webtiles) character file.

Game seed: 7852377158154797898

721 Low2 the Cruncher (level 7, 0/75 (79) HPs)
             Began as an Ogre Gladiator on Oct 16, 2022.
             Was an Initiate of Makhleb.
             Slain by a sixfirhy (14 damage)
             ... summoned by a kobold demonologist
             ... in the Dungeon (Sprint I: "Red Sonja").
             The game lasted 00:04:11 (474 turns).

Low2 the Cruncher (Ogre Gladiator)                   Turns: 474, Time: 00:04:11

HP:   0/75 (79)     AC: -9    Str: 21    XL:     7   Next: 70%
MP:   7/7           EV: 12    Int:  9    God:    Makhleb [......]
Gold: 189           SH:  0    Dex: 10    Spells: 6/6 levels left

rFire   . . .      SeeInvis .   a - +0 quarterstaff
rCold   . . .      Faith    .   (shield currently unavailable)
rNeg    . . .      Spirit   .   b - +0 robe
rPois   .          Reflect  .   c - +0 hat
rElec   .          Harm     .   (no cloak)
rCorr   .          Rampage  .   (gloves unavailable)
Will    .....      NoTele   +   (boots unavailable)
Stlth   +.........              (no amulet)
HPRegen 0.22/turn               (no ring)
MPRegen 0.10/turn               (no ring)

@: weakened, corroded, drained
A: large, unfitting armour, tough skin 1
a: Renounce Religion


You were in the Dungeon.
You worshipped Makhleb.
Makhleb was noncommittal.
You visited 1 branch You collected 405 gold pieces.
You spent 216 gold pieces at shops.

Inventory:

Hand Weapons
 a - a +0 quarterstaff (weapon)
Armour
 b - a +0 robe (worn)
 c - a +0 hat (worn)
 d - a scarf of invisibility
Wands
 l - a wand of roots (3) (quivered)
Potions
 f - 2 potions of curing
 h - a potion of haste
 i - 2 potions of magic
 j - a potion of berserk rage
 m - a potion of flight
 n - a potion of might


   Skills:
 + Level 7.9 Fighting
 + Level 11.1 Staves
 + Level 6.0 Throwing
 + Level 8.9 Dodging
 + Level 1.2 Stealth


You had 6 spell levels left.
You didn't know any spells.
Your spell library was empty.

Dungeon Overview and Level Annotations

Branches:
Dungeon (1/1)

Altars:
Cheibriados
Dithmenos
Elyvilon
Fedhas
Gozag
Hepliaklqana
Kikubaaqudgha
Makhleb
Nemelex Xobeh
Okawaru
Qazlal
Ru
Sif Muna
Trog
Uskayaw
Vehumet
Wu Jian
Xom
Yredelemnul
Zin
The Shining One
Jiyva
Lugonu

Shops:
D !


Innate Abilities, Weirdness & Mutations

You are too large for most types of armour.
You have tough skin. (AC +1)


Message History

There is an open door here.
You closely miss the white imp. The rust devil closely misses you.
The orange demon barely misses you.
You hit the white imp but do no damage.
The kobold demonologist mumbles some strange words.
The white imp gestures at you. The puff of frost hits you!
The rust devil hits you. The rust devil corrodes you!
The orange demon stings you from afar!
* * * LOW HITPOINT WARNING * * *
You feel much better. The white imp closely misses you.
The rust devil closely misses you.
Blink to where?
Press: ? - help, Dir - move target
As you read the scroll of blinking, it crumbles to dust.
The sun demon disappears in a puff of smoke!
You see here a +0 spear.
You start resting.
A white imp is nearby!
You feel better. The white imp gestures at you. The puff of frost hits you!
Aiming: Fastroot
Press: ? - help, Q - select action Shift-Dir - straight line, f - white imp
Aim: a white imp (summoned)
The roots erupt in riotous growth!
Roots grab the white imp.
The grasping roots constrict the white imp.
The white imp struggles to escape constriction.
The grasping roots constrict the white imp.
The roots release their grip on the white imp.
The sixfirhy hits you! The sixfirhy shocks you! The sixfirhy hits you!
* * * LOW HITPOINT WARNING * * *
The sixfirhy shocks you!
* * * LOW HITPOINT WARNING * * *
The sixfirhy misses you.
There is an open door, spattered with blood here.
You feel much better. The sixfirhy hits you. The sixfirhy shocks you!
* * * LOW HITPOINT WARNING * * *
The sixfirhy hits you!
You die...

##########################
#<.#..)..#..'..#__#.K'K43#
#..').#..').#..35.5..#...#
#..#####'#####@#__#### 5.+
#..####..#...#)#### ##
#..#__####..##[#
#..#_____##'#_.+
#⌠⌠#_.∩...'..._#
####_..__##_.#'#
#_____###+#.# ####### ###


You could see a kobold demonologist, a sixfirhy (summoned), a white imp
(summoned) and an ufetubus (summoned).

Vanquished Creatures
  A slime creature (D)
  Sigmund (D)
  A yak (D)
  A floating eye (D)
  An ogre (D)
  A jelly (D)
  Ijyb (D)
7 creatures vanquished.

Notes
Turn   | Place    | Note
-------+----------+-------------------------------------------
     0 | D        | Low2 the Ogre Gladiator began the quest for the Orb.
     0 | D        | Reached XP level 1. HP: 22/22 MP: 1/1
     2 | D        | Noticed Ijyb
     8 | D        | Killed Ijyb
     9 | D        | Reached skill level 4 in Staves
     9 | D        | Reached XP level 2. HP: 24/32 MP: 2/2
     9 | D        | Reached XP level 3. HP: 29/39 MP: 3/3
    86 | D        | Noticed an ogre
    91 | D        | Killed an ogre
    92 | D        | Reached skill level 6 in Staves
    92 | D        | Reached skill level 5 in Dodging
    92 | D        | Reached XP level 4. HP: 49/49 MP: 4/4
   106 | D        | Noticed Sigmund
   116 | D        | Killed Sigmund
   117 | D        | Reached skill level 5 in Fighting
   117 | D        | Reached skill level 8 in Staves
   117 | D        | Reached XP level 5. HP: 54/59 MP: 5/5
   117 | D        | Reached XP level 6. HP: 61/67 MP: 6/6
   131 | D        | Found an ornate altar of the Wu Jian Council.
   131 | D        | Found a shimmering blue altar of Sif Muna.
   133 | D        | Found a radiant altar of Vehumet.
   138 | D        | Reached skill level 9 in Staves
   145 | D        | Found a burning altar of Makhleb.
   145 | D        | Found a viscous altar of Jiyva.
   145 | D        | Found a shimmering altar of Xom.
   145 | D        | Found a corrupted altar of Lugonu.
   145 | D        | Noticed a slime creature
   152 | D        | Killed a slime creature
   153 | D        | Reached skill level 10 in Staves
   153 | D        | Reached skill level 5 in Throwing
   153 | D        | Reached skill level 1 in Stealth
   153 | D        | Reached XP level 7. HP: 56/78 MP: 7/7
   157 | D        | Became a worshipper of Makhleb the Destroyer
   169 | D        | Found Juexzuuxi's Distillery.
   169 | D        | Found an ancient bone altar of Kikubaaqudgha.
   169 | D        | Found a hazy altar of Hepliaklqana.
   169 | D        | Found a stormy altar of Qazlal.
   169 | D        | Found a hide-covered altar of Uskayaw.
   169 | D        | Found a blossoming altar of Fedhas.
   169 | D        | Found a bloodstained altar of Trog.
   169 | D        | Found an iron altar of Okawaru.
   169 | D        | Found a basalt altar of Yredelemnul.
   169 | D        | Found a glowing golden altar of the Shining One.
   169 | D        | Found a snail-covered altar of Cheibriados.
   169 | D        | Found a sacrificial altar of Ru.
   169 | D        | Found a glowing silver altar of Zin.
   169 | D        | Found a shadowy altar of Dithmenos.
   169 | D        | Found a white marble altar of Elyvilon.
   169 | D        | Noticed a yak
   186 | D        | Killed a yak
   187 | D        | Found an opulent altar of Gozag.
   188 | D        | Found a sparkling altar of Nemelex Xobeh.
   426 | D        | Bought a potion of curing for 36 gold pieces
   426 | D        | Bought a potion of flight for 36 gold pieces
   426 | D        | Bought a potion of curing for 36 gold pieces
   426 | D        | Bought a potion of might for 48 gold pieces
   426 | D        | Bought a potion of heal wounds for 60 gold pieces
   446 | D        | Noticed a kobold demonologist
   446 | D        | Noticed a kobold demonologist
   448 | D        | Noticed a sun demon
   451 | D        | Reached skill level 11 in Staves
   456 | D        | Noticed a hellwing
   457 | D        | Noticed a rust devil
   462 | D        | Noticed an orange demon
   467 | D        | Noticed a sixfirhy
   474 | D        | Slain by a sixfirhy

Illustrated notes

Levels and vault maps discovered:
D:        dungeon_sprint_1 [red_sonja_temple_1, red_sonja_temple_small_1]

Skill      XL: |  1  2  3  4  5  6  7 |
---------------+----------------------+-----
Fighting       | 3 4 5 7 |  7.9
Staves         | 4 6 8 10 11 | 11.1
Dodging        | 4 5 7 8 |  8.9
Throwing       | 3 4 5 6 |  6.0
Stealth        | 1 |  1.2

Action                   |  1- 3 |  4- 6 |  7- 9 || total
-------------------------+-------+-------+-------++-------
Melee: Quarterstaff      |     7 |    15 |    29 ||    51
Throw: Throwing net      |     3 |     1 |       ||     4
       Large rock        |       |     2 |     1 ||     3
Evoke: Wand              |       |       |     3 ||     3
  Use: Potion            |       |       |     3 ||     3
       Scroll            |       |       |     1 ||     1
 Stab: Held in net/web   |       |     1 |       ||     1
Armor: Robe              |       |     3 |     1 ||     4
Dodge: Dodged            |       |     5 |    20 ||    25
